 Dungeon Crawl Stone Soup version 0.31-a0-844-gdc52ec4e09 (webtiles) character file.

Game seed: 10444955456580549279

2 javelincjr the Ruffian (level 1, 0/15 HPs)
             Began as a Demonspawn Shapeshifter on Sept 29, 2023.
             Slain by a kobold
             ... wielding a +0 dagger
              (4 damage)
             ... on level 1 of the Dungeon.
             The game lasted 00:00:05 (25 turns).

javelincjr the Ruffian (Demonspawn Shapeshifter)      Turns: 25, Time: 00:00:06

Health: 0/15       AC:  2    Str: 14    XL:     1   Next: 33%
Magic:  1/1        EV: 12    Int: 11    God:
Gold:   0          SH:  0    Dex: 12    Spells: 0/0 levels left

rFire   . .          .
                       - Unarmed
rCold   . . .        (no shield)
rNeg    . . .        a - +0 animal skin
rPois   .            (helmet currently unavailable)
rElec   .            (cloak currently unavailable)
rCorr   .            (gloves currently unavailable)
SInv    .            (boots currently unavailable)
Will    .....        (no amulet)
Stlth   +            (no ring)
HPRegen 0.22/turn    (no ring)
MPRegen 0.07/turn

%: no passive effects
@: beast-form
A: beast (slay +1)
a: Begin Untransformation


You were on level 1 of the Dungeon.
You were a hulking beast.
You visited 1 branch of the dungeon, and saw 1 of its levels.

Inventory:

Armour
 a - a +0 animal skin (worn)
Talismans
 c - a beast talisman (active)
 d - a flux talisman
Scrolls
 e - a scroll of blinking {unknown}
Potions
 b - a potion of lignification


   Skills:
 + Level 1.1 Fighting
 + Level 1.8 Dodging
 + Level 2.7 Unarmed Combat
 + Level 2.7 Shapeshifting


You couldn't memorise any spells.
You didn't know any spells.
Your spell library was empty.

Dungeon Overview and Level Annotations

Branches:
Dungeon (1/15)

Altars:


Message History

Found a scroll labelled RIODGH BUDWUSH.
The helpless goblin fails to defend itself.
You hit the goblin.
The goblin is severely wounded.
The kobold shouts!
You hit the goblin.
You kill the goblin!
A kobold comes into view. It is wielding a +0 dagger.
A ball python comes into view.
Found a spear.
You see here a +0 dagger.
Found a scroll labelled RIODGH BUDWUSH.
The ball python hisses angrily.
The kobold hits you with a +0 dagger.
You miss the kobold. The kobold barely misses you.
You closely miss the kobold. The kobold hits you with a +0 dagger.
The ball python closely misses you. The ball python grabs you.
The ball python constricts you.
You closely miss the ball python.
The ball python bites you but does no damage.
The ball python constricts you.
The kobold hits you with a +0 dagger. x2
You barely miss the ball python. The ball python completely misses you.
The ball python constricts you. The kobold hits you but does no damage.
The kobold closely misses you.
You hit the ball python.
You kill the ball python!
The kobold hits you with a +0 dagger. The kobold closely misses you.
You hit the kobold but do no damage. The kobold closely misses you.
The kobold hits you with a +0 dagger.
You are too injured to fight recklessly!
You are too injured to fight recklessly!
You are too injured to fight recklessly!
You are too injured to fight recklessly!
You barely miss the kobold. The kobold hits you but does no damage.
The kobold hits you with a +0 dagger.
You miss the kobold. The kobold hits you with a +0 dagger.
* * * LOW HITPOINT WARNING * * *
The kobold barely misses you.
You hit the kobold but do no damage. The kobold hits you with a +0 dagger.
You die...

#### .# ###... .#
?.... #.#
.###...####.#
.)........#.#
......K.....#
#.....Kh)...#
####..†###..####
#... #.....#
#...###..##.#
#..P..#..P...#
..?P♣P.).P♣...##
...♣♣PPP..P♣P...#
... ♣.....♣....##
♣P.......P..#


You could see 2 kobolds.

Vanquished Creatures
  A ball python (D:1)
  A goblin (D:1)
2 creatures vanquished.

Notes
Turn   | Place    | Note
-------+----------+-------------------------------------------
     0 | D:1      | javelincjr the Demonspawn Shapeshifter began the quest for
                  | the Orb.
     0 | D:1      | Reached XP level 1. HP: 15/15 MP: 1/1
    25 | D:1      | Slain by a kobold

Illustrated notes

Levels and vault maps discovered:
D:1:      spicycebolla_arrival_clurvy, layout_loops_ring

Action                     || total
---------------------------++-------
  Melee: Unarmed           ||    11
   Stab: Sleeping          ||     1
 Armour: Animal skin       ||    12
  Dodge: Dodged            ||     7

Table legend: (Time is in decaauts)
 A = Elapsed time spent in this place.
 B = Non-inter-level travel time spent in this place.
 C = Inter-level travel time spent in this place.
 D = Time resting spent in this place.
 E = Time spent auto-exploring this place.
 F = Levels seen in this place.
 G = Mean time per level.
                   A        B        C        D        E       F      G
               +--------+--------+--------+--------+--------+-----+--------+
         Total |     24 |     24 |      0 |      0 |     10 |   1 |   24.0 |
       Dungeon |     24 |     24 |      0 |      0 |     10 |   1 |   24.0 |
               +--------+--------+--------+--------+--------+-----+--------+

Top non-repeatable levels by time:
     D:1: 24 daAuts
